 Dungeon Crawl Stone Soup version 0.17-a0-1397-g0eee0a3 (webtiles) character file.

157 Volodja the Spear-Bearer (level 5, -1/38 HPs)
             Began as a Merfolk Gladiator on June 17, 2015.
             Slain by nuthulu's ghost (7 damage)
             ... on level 3 of the Dungeon.
             The game lasted 00:04:49 (2165 turns).

Volodja the Spear-Bearer (Merfolk Gladiator)        Turns: 2165, Time: 00:04:50

Health: -1/38      AC:  4    Str: 16    XL:     5   Next: 38%
Magic:  14/14      EV: 13    Int:  7    God:
Gold:   105        SH:  0    Dex: 15    Spells: 0 memorised, 4 levels left

rFire  . . .     SeeInvis .     a - +0 trident
rCold  . . .     Clarity  .     b - +0 leather armour
rNeg   + . .     SustAt   .     (no shield)
rPois  .         Gourm    .     c - +0 helmet
rElec  .         Spirit   .     (no cloak)
rCorr  .         Warding  +     (no gloves)
rMut   .         Stasis   .     (no boots)
MR     .....                    h - amulet of warding
Stlth  +.........               (no ring)
                                n - ring of magical power

@: not resistant to hostile enchantments, very unstealthy
A: change form in water, swift swim
a: no special abilities


You were on level 3 of the Dungeon.
You were not hungry.

You visited 1 branch of the dungeon, and saw 3 of its levels.

You collected 105 gold pieces.

Inventory:

Hand weapons
 a - a +0 trident (weapon)
Missiles
 d - 3 throwing nets (quivered)
 o - 8 poisoned needles
Armour
 b - a +0 leather armour (worn)
 c - a +0 helmet (worn)
Jewellery
 h - an amulet of warding (around neck)
 n - a ring of magical power (left hand)
Magical devices
 s - a wand of teleportation (1)
Scrolls
 f - 3 scrolls of recharging {unknown}
 j - a scroll of noise {unknown}
 k - 2 scrolls of remove curse {unknown}
 l - a scroll of enchant armour {unknown}
 p - a scroll of amnesia {unknown}
 t - a scroll of identify {unknown}
 w - 2 scrolls of enchant weapon {unknown}
Potions
 g - 3 potions of curing {unknown}
 i - 2 potions of lignification {unknown}
 q - 2 potions of heal wounds {unknown}
 u - a potion of cancellation {unknown}
Comestibles
 e - a bread ration
 m - 5 chunks of flesh
 r - 4 fruits
 v - a meat ration


   Skills:
 - Level 2.1 Fighting
 + Level 8.5 Polearms
 - Level 2.0 Throwing
 - Level 4.0 Dodging


You had 4 spell levels left.
You didn't know any spells.

Dungeon Overview and Level Annotations

Branches:
Dungeon (3/15)

Altars:

Annotations:
D:3 nuthulu's ghost, average GrFi


Message History

You are too injured to fight recklessly!
You are too injured to fight recklessly!
You are too injured to fight recklessly!
You are too injured to fight recklessly!
You hit nuthulu's ghost but do no damage.
Nuthulu's ghost is moderately damaged.
Nuthulu's ghost boasts, "I have defeated monsters you have never seen."
Nuthulu's ghost misses you.
You barely miss nuthulu's ghost.
Nuthulu's ghost is moderately damaged.
Nuthulu's ghost hits you.
* * * LOW HITPOINT WARNING * * *
You hit nuthulu's ghost but do no damage.
Nuthulu's ghost is moderately damaged.
Nuthulu's ghost closely misses you.
You hit nuthulu's ghost but do no damage.
Nuthulu's ghost is moderately damaged.
Nuthulu's ghost barely misses you. Nuthulu's ghost hits you!
You die...

#. #. #.#.# #.
#.### #.#.# #.
...###.#.### #.
##.##....... #.
#........###
#.######..##....#
#.........###.#.#
#..W..........#.#
##@######.#####.#
.................
#.#
##.####.######.#.#
... #.. ..#.# ###
### . .. ..


You could see nuthulu's ghost.

Vanquished Creatures
  Ijyb (D:2)
  An iguana (D:3)
  5 adders
  A shadow imp (D:3)
  A giant gecko (D:2)
  3 giant cockroaches
  6 goblins
  5 hobgoblins
  A quokka (D:3)
  2 ball pythons
  6 bats
  2 giant newts
  9 jackals
  5 kobolds
  5 rats
53 creatures vanquished.

Notes
Turn   | Place    | Note
--------------------------------------------------------------
     0 | D:1      | Volodja the Merfolk Gladiator began the quest for the Orb.
     0 | D:1      | Reached XP level 1. HP: 16/16 MP: 1/1
   415 | D:1      | Reached skill level 5 in Polearms
   820 | D:2      | Reached XP level 2. HP: 22/22 MP: 2/2
   860 | D:2      | Noticed Ijyb
   878 | D:2      | Killed Ijyb
   878 | D:2      | Reached skill level 6 in Polearms
   878 | D:2      | Reached XP level 3. HP: 23/27 MP: 3/3
  1049 | D:2      | Reached skill level 7 in Polearms
  1049 | D:2      | Reached XP level 4. HP: 24/33 MP: 4/4
  1930 | D:3      | Reached skill level 8 in Polearms
  1930 | D:3      | Reached XP level 5. HP: 32/38 MP: 5/5
  2143 | D:3      | Noticed nuthulu's ghost (average GrFi)
  2165 | D:3      | Slain by nuthulu's ghost

Vault maps used:
D:1:      dpeg_arrival_renting, roderic_bipointed_swastika,
          roderic_digamma_sauvastika
D:2:      forest_paths, uniq_iyjb
D:3:      first_bread, ecumenical_altar_2

Action                   |  1- 3 |  4- 6 || total
-------------------------+-------+-------++-------
Melee: Trident           |    62 |   127 ||   189
 Stab: Sleeping          |     1 |     1 ||     2
  Eat: Chunk             |       |     4 ||     4
